 Dungeon Sprint DCSS version 0.27-a0-1548-gf8a67e7463 (webtiles) character file.

Game seed: 9556780880638888871

1334 mhtbhm the Protected (level 8, -3/81 HPs)
             Began as a Minotaur Fighter on July 13, 2021.
             Was an Initiate of Gozag.
             Slain by a catoblepas (12 damage)
             ... while petrified by a catoblepas
             ... in the Dungeon (Sprint VII: "The Pits").
             The game lasted 00:01:41 (1116 turns).

mhtbhm the Protected (Minotaur Fighter)             Turns: 1116, Time: 00:01:43

Health: -3/81      AC: 20    Str: 22    XL:     8   Next: 35%
Magic:  7/7        EV:  2    Int:  8    God:    Gozag
Gold:   1593       SH:  0    Dex: 11    Spells: 7/7 levels left

rFire    . . .     SeeInvis .   a - +2 war axe (vorpal)
rCold    . . .     Faith    .   c - +0 kite shield
rNeg     + + +     Spirit   .   b - +4 chain mail
rPois    ∞         Reflect  .   (helmet restricted)
rElec    .         Harm     .   (no cloak)
rCorr    .         Rampage  .   r - +0 pair of gloves
Will     .....     NoTele   +   (no boots)
Stlth    ..........             (no amulet)
HPRegen  0.23/turn              n - +3 ring of intelligence
MPRegen  0.10/turn              o - +3 ring of protection

@: petrified
A: horns 2, retaliatory headbutt
a: Renounce Religion, Potion Petition, Call Merchant, Bribe Branch


You were in the Dungeon.
You worshipped Gozag.
Gozag was most pleased with you.
You visited 1 branch You collected 1593 gold pieces.

Inventory:

Hand Weapons
 a - a +2 vorpal war axe (weapon)
Armour
 b - a +4 chain mail (worn)
 c - a +0 kite shield (worn)
 r - a +0 pair of gloves (worn)
Jewellery
 n - a +3 ring of intelligence (left hand)
 o - a +3 ring of protection (right hand)
Scrolls
 j - a scroll of blinking
 l - 5 scrolls of amnesia
 m - a scroll of summoning
Potions
 d - 2 potions of might
 e - 12 potions of curing
 f - 3 potions of heal wounds
 g - 2 potions of haste
 h - 4 potions of magic
 i - 3 potions of berserk rage
 k - 2 potions of invisibility
 p - a potion of resistance
 q - a potion of mutation


   Skills:
 + Level 10.6 Fighting
 + Level 11.4 Axes
 + Level 11.8 Armour
 + Level 3.3 Dodging
 + Level 0.2 Stealth
 + Level 11.4 Shields


You had 7 spell levels left.
You didn't know any spells.
Your spell library was empty.

Dungeon Overview and Level Annotations

Branches:
Dungeon (1/1)

Altars:
Ashenzari
Cheibriados
Dithmenos
Elyvilon
Fedhas
Gozag
Hepliaklqana
Kikubaaqudgha
Makhleb
Nemelex Xobeh
Okawaru
Qazlal
Ru
Sif Muna
Trog
Uskayaw
Vehumet
Wu Jian
Xom
Yredelemnul
Zin
The Shining One
Beogh
Jiyva
Lugonu


Innate Abilities, Weirdness & Mutations

You have a pair of horns on your head.
You reflexively headbutt those who attack you in melee.


Message History

The catoblepas gores you!
You hit the catoblepas.
The catoblepas is moderately wounded.
You are engulfed in calcifying dust.
The troll is no longer petrified.
The catoblepas gores you but does no damage.
Your limbs are stiffening.
Unknown command.
Your shield prevents you from hitting the catoblepas.
You headbutt the catoblepas!
The catoblepas is moderately wounded.
You slash the troll!
You are engulfed in calcifying dust.
The troll bites you. The troll claws you.
The troll claws you but does no damage. The catoblepas gores you.
The troll bites you but does no damage. The troll claws you. x2
The catoblepas gores you but does no damage.
You have turned to stone.
The troll bites you! The troll claws you but does no damage.
The troll barely misses you.
The catoblepas gores you but does no damage.
The troll bites you but does no damage. The troll claws you!
The troll claws you.
The catoblepas gores you but does no damage.
The troll bites you but does no damage. The troll claws you. x2
The catoblepas gores you! The troll bites you but does no damage.
The troll barely misses you. The troll claws you but does no damage.
The catoblepas gores you! The troll bites you but does no damage.
The troll claws you.
* * * LOW HITPOINT WARNING * * *
The troll claws you but does no damage.
The catoblepas gores you but does no damage.
The troll bites you but does no damage.
The troll claws you but does no damage. x2
The catoblepas gores you!!
* * * LOW HITPOINT WARNING * * *
The troll bites you!
* * * LOW HITPOINT WARNING * * *
The troll claws you.
* * * LOW HITPOINT WARNING * * *
The troll claws you but does no damage. The catoblepas gores you!!
You die...
Your body crumbles into a pile of gold.

____.#
__...###########++######
####'##................#
)))'.##......#..#......#
####.##................+
......'................+
#)#####......#..#......#
#.#..##..........T.....#
#.#))#####'#####@Y######
'.#))##.......##''#
###))##.......##....
..#[.##.......##......
..#'###...<...##.....##
.....##.......##...###
.....##.......##..##
#######.......##++#
..#..##########


You could see a catoblepas and a troll.

Vanquished Creatures
  A rime drake (D)
  A hellwing (D)
  Grinder (D)
  A ynoxinul (D)
  A floating eye (D)
  A sky beast (D)
  A black bear (D)
  An ogre (D)
  A scorpion (D)
  A quasit (D)
  An orc priest (D)
  An orc wizard (D)
  A river rat (D)
  An adder skeleton (D)
  3 orcs (D)
  2 ball pythons (D)
  A bat (D)
  An endoplasm (D)
  A hobgoblin (D)
  A quokka (D)
  A frilled lizard (D)
  A goblin (D)
  2 kobolds (D)
27 creatures vanquished.

Notes
Turn   | Place    | Note
-------+----------+-------------------------------------------
     0 | D        | mhtbhm the Minotaur Fighter began the quest for the Orb.
     0 | D        | Reached XP level 1. HP: 19/19 MP: 0/0
    21 | D        | Found a bloodstained altar of Trog.
    21 | D        | Found a shimmering blue altar of Sif Muna.
    21 | D        | Found a viscous altar of Jiyva.
    21 | D        | Found a hazy altar of Hepliaklqana.
    21 | D        | Found an opulent altar of Gozag.
    22 | D        | Found a glowing golden altar of the Shining One.
    22 | D        | Found a glowing silver altar of Zin.
    22 | D        | Found a basalt altar of Yredelemnul.
    22 | D        | Found a shimmering altar of Xom.
    22 | D        | Found an ornate altar of the Wu Jian Council.
    22 | D        | Found a sacrificial altar of Ru.
    22 | D        | Found a stormy altar of Qazlal.
    22 | D        | Found an iron altar of Okawaru.
    22 | D        | Found a sparkling altar of Nemelex Xobeh.
    22 | D        | Found a burning altar of Makhleb.
    22 | D        | Found a blossoming altar of Fedhas.
    22 | D        | Found a white marble altar of Elyvilon.
    22 | D        | Found a shadowy altar of Dithmenos.
    22 | D        | Found a snail-covered altar of Cheibriados.
    24 | D        | Found a radiant altar of Vehumet.
    24 | D        | Found a corrupted altar of Lugonu.
    25 | D        | Found a hide-covered altar of Uskayaw.
    25 | D        | Found an ancient bone altar of Kikubaaqudgha.
    25 | D        | Found a broken altar of Ashenzari.
    29 | D        | Became a worshipper of Gozag Ym Sagoz the Greedy
   149 | D        | Noticed a floating eye
   151 | D        | Paralysed by a floating eye for 3 turns
   154 | D        | Killed a floating eye
   155 | D        | Reached XP level 2. HP: 31/31 MP: 1/1
   155 | D        | Reached XP level 3. HP: 38/38 MP: 2/2
   155 | D        | Reached XP level 4. HP: 45/45 MP: 3/3
   244 | D        | Noticed Grinder
   245 | D        | Noticed an ogre
   257 | D        | Killed an ogre
   258 | D        | Reached skill level 5 in Axes
   258 | D        | Reached skill level 1 in Dodging
   258 | D        | Reached XP level 5. HP: 51/53 MP: 4/4
   267 | D        | Killed Grinder
   268 | D        | Reached XP level 6. HP: 30/63 MP: 5/5
   458 | D        | Noticed a rime drake
   466 | D        | Killed a rime drake
   467 | D        | Reached skill level 10 in Armour
   467 | D        | Reached skill level 10 in Shields
   467 | D        | Reached XP level 7. HP: 33/71 MP: 6/6
   657 | D        | Reached skill level 10 in Fighting
   657 | D        | Reached skill level 10 in Axes
   846 | D        | Noticed a ynoxinul
   846 | D        | Noticed a hellwing
   890 | D        | Killed a hellwing
   891 | D        | Reached XP level 8. HP: 46/80 MP: 7/7
  1094 | D        | Noticed a troll
  1094 | D        | Noticed a catoblepas
  1116 | D        | Slain by a catoblepas

Illustrated notes

Levels and vault maps discovered:
D:        pitsprint [storerooms_1, entrance_room_1, metal_vault_4, armoury_2,
          mini_pit_1, grid_room_1, main_hall_1, silver_pit, the_coven_1,
          the_vestibule_1, steel_vault_1, golden_pit, hallway_of_sentries,
          crystal_vault_6, iron_vault_2, final_vault]

Skill      XL: |  1  2  3  4  5  6  7  8 |
---------------+-------------------------+-----
Shields        | 6 8 9 10 11 | 11.4
Fighting       | 6 7 9 10 | 10.6
Armour         | 6 8 9 10 11 | 11.8
Axes           | 4 5 7 9 10 11 | 11.4
Dodging        | 1 2 3 |  3.3
Stealth        | |  0.2

Action                   |  1- 3 |  4- 6 |  7- 9 || total
-------------------------+-------+-------+-------++-------
Melee: Hand axe          |     6 |    51 |    68 ||   125
       Headbutt          |     4 |     5 |    18 ||    27
       War axe           |     2 |       |     7 ||     9
  Use: Potion            |       |     2 |     1 ||     3
 Stab: Petrified         |       |       |     2 ||     2
Armor: Scale mail        |     1 |     4 |       ||     5
       Chain mail        |       |    14 |    56 ||    70
Dodge: Dodged            |     3 |     4 |    18 ||    25
Block: Kite shield       |     3 |    31 |    38 ||    72

Table legend: (Time is in decaauts)
 A = Elapsed time spent in this place.
 B = Non-inter-level travel time spent in this place.
 C = Inter-level travel time spent in this place.
 D = Time resting spent in this place.
 E = Time spent auto-exploring this place.
 F = Levels seen in this place.
 G = Mean time per level.
                   A        B        C        D        E       F      G
               +--------+--------+--------+--------+--------+-----+--------+
         Total |   1115 |   1115 |      0 |    565 |    159 |   1 | 1115.0 |
       Dungeon |   1115 |   1115 |      0 |    565 |    159 |   1 | 1115.0 |
               +--------+--------+--------+--------+--------+-----+--------+

Top non-repeatable levels by time:
       D: 1115 daAuts
